 Dungeon Crawl Stone Soup version 0.32-a0-938-g40ac7a0f4d (webtiles) character file.

Game seed: 14225109440033765863

48216 Shayle the Scorcher (level 14, -5/100 HPs)
             Began as a Coglin Alchemist on Apr 13, 2024.
             Was a High Priest of Vehumet.
             Slain by a cane toad (15 damage)
             ... on level 5 of the Lair of Beasts on Apr 15, 2024.
             The game lasted 01:22:14 (18355 turns).

Shayle the Scorcher (Coglin Alchemist)             Turns: 18355, Time: 01:22:15

Health: -5/100     AC: 12    Str: 10    XL:     14   Next: 45%
Magic:  10/26      EV: 15    Int: 18    God:    Vehumet [*****.]
Gold:   659        SH:  0    Dex: 15    Spells: 5/29 levels left

rFire   . . .        l - +5 club (spect) {Navbir}
rCold   . . .        C - +2 scimitar (flame) {Bonhwa}
rNeg    . . .        z - +0 troll leather armour
rPois   +            t - +0 helmet
rElec   .            x - +2 cloak
rCorr   +            a - +2 pair of gloves
SInv    .            k - +1 pair of boots
Will    +....        (amulet unavailable)
Stlth   ++           (ring unavailable)
HPRegen 1.16/turn    (ring unavailable)
MPRegen 0.20/turn    j - automatic assembler {rPois rCorr Slay+3 Clar RMsl}

%: repel missiles, clarity
@: about to teleport, revved
A: off-hand wielding, slow wielding, warmup strikes, no jewellery
a: Renounce Religion


You were on level 5 of the Lair of Beasts.
You worshipped Vehumet.
Vehumet was extremely pleased with you.
You visited 3 branches of the dungeon, and saw 17 of its levels.

You collected 938 gold pieces.
You spent 279 gold pieces at shops.

Inventory:

Hand Weapons
 h - the +7 mace of Variability {chaos, chaos arc}
   (You found it on level 3 of the Lair of Beasts)
 l - a +5 spectral club (weapon) {Navbir}
 n - a +5 long sword
 o - a +2 hand axe of flaming {Yae}
 p - a +2 short sword of draining {Chiraphon}
 y - a +2 short sword of venom
 C - a +2 scimitar of flaming (offhand) {Bonhwa}
 G - a +2 spear of venom
 I - a +2 dagger of venom
 O - a +5 hand axe of freezing
Missiles
 f - 9 curare-tipped darts
 F - 6 throwing nets
Armour
 a - a +2 pair of gloves (worn)
 k - a +1 pair of boots (worn)
 t - a +0 helmet (worn)
 x - a +2 cloak (worn)
 z - a +0 troll leather armour (worn)
 K - a +3 leather armour
 R - the +0 toga "Victory" {*Victory Clar}
   (You found it on level 1 of the Lair of Beasts)

   *Victory:  When the wearer kills a threatening monster, it has a chance to
   gain +1 AC, +1 Slay, and +1 Int, capping at +7.
   When the wearer uses a scroll or a potion with a hostile monster in sight,
   its bonuses reset to +0.
   Unequipping it also resets its bonuses to +0.
   Clar:      It protects you from confusion, rage, mesmerisation and fear.
Gizmo
 j - an automatic assembler (installed) {rPois rCorr Slay+3 Clar RMsl}
   (You invented it yourself on level 4 of the Lair of Beasts)

   [automatic assembler]

   Slay+3:    It affects your accuracy & damage with ranged weapons and melee
   (+3).
   rPois:     It protects you from poison.
   Clar:      It protects you from confusion, rage, mesmerisation and fear.
   RMsl:      It protects you from missiles.
   rCorr:     It protects you from acid and corrosion.
Wands
 s - a wand of paralysis (13)
 v - a wand of polymorph (20)
 B - a wand of flame (27)
 P - a wand of warping (10)
Scrolls
 g - a scroll of fog
 i - 5 scrolls of teleportation
 q - a scroll of vulnerability
 w - 5 scrolls of noise
 J - 2 scrolls of poison
Potions
 c - a potion of curing
 e - a potion of might
 m - 2 potions of mutation
 r - 3 potions of brilliance
 u - a potion of ambrosia
 A - 2 potions of attraction
 S - a potion of berserk rage
 T - a potion of enlightenment
Miscellaneous
 D - a box of beasts (inert)


   Skills:
 - Level 6.0 Fighting
 - Level 9.0 Dodging
 - Level 1.5 Stealth
 - Level 8.0 Spellcasting
 - Level 6.3 Conjurations
 + Level 17.1 Fire Magic
 - Level 4.9 Alchemy


You had 5 spell levels left.
You knew the following spells:

 Your Spells              Type           Power      Damage    Failure   Level
a - Sting                 Conj/Alch      100%       1d9       1%          1
b - Mephitic Cloud        Conj/Alch/Air  20%        N/A       2%          3
c - Sticky Flame          Fire/Alch      46%        2d9       1%          4
d - Olgreb's Toxic Radia  Alch           24%        N/A       5%          4
e - Iskenderun's Mystic Conj/Tloc 18%            2d6        (+2d2     10%         4
f - Ignition              Fire           31%        3d10      21%         8

Your spell library contained the following spells:

 Spells                   Type           Power      Damage    Failure   Level
 Starburst                Conj/Fire      24%        6d8       4%          6
 Inner Flame              Hex/Fire       38%        N/A       1%          3
 Volatile Blastmotes      Fire/Tloc      76%        2d16      1%          3
 Mercury Vapours          Alch/Air       32%        N/A       2%          2
 Hailstorm                Conj/Ice       18%        3d7       3%          3
 Fulminant Prism          Conj/Alch      13%        3d9       3%          4
 Irradiate                Conj/Alch      13%        3d16      11%         5
 Sigil of Binding         Hex            7%         N/A       36%         3
 Summon Ice Beast         Ice/Summ       7%         N/A       36%         3
 Permafrost Eruption      Ice/Erth       3%         2x4d2     99%         6
 Death Channel            Necr           3%         N/A       100%        6
 Sculpt Simulacrum        Ice/Alch       8%         N/A       100%        6
 Ozocubu's Refrigeration  Ice            3%         4d8       100%        7
 Polar Vortex             Ice            3%         N/A       100%        9


Dungeon Overview and Level Annotations

Branches:
Dungeon (11/15)            Temple (1/1) D:6            Lair (5/5) D:10
 Shoals (0/4) Lair:2        Snake (0/4) Lair:3          Orc (0/2) D:11
  Slime: Lair:4-5

Altars:
Ashenzari
Cheibriados
Dithmenos
Elyvilon
Fedhas
Gozag
Hepliaklqana
Kikubaaqudgha
Makhleb
Nemelex Xobeh
Okawaru
Qazlal
Ru
Sif Muna
Trog
Uskayaw
Vehumet
Wu Jian
Xom
Yredelemnul
Zin
The Shining One

Shops:
D:7 ?

Annotations:
D:7 Joseph
Lair:4 2 transporters, avangion's ghost, journeyman MiFi
Lair:5 exclusion: oklob plant


Innate Abilities, Weirdness & Mutations

You can wield a second weapon in your off-hand.
It takes a long time for you to wield or remove held weapons.
Your first few attacks do less damage.
You cannot equip rings or amulets.


Message History

A cane toad comes into view.
You hit the vampire mosquito but do no damage.
The vampire mosquito is heavily damaged.
You sock the vampire mosquito with your +5 spectral club!
The vampire mosquito burns!
You destroy the vampire mosquito!
Vehumet accepts your kill.
You feel your power returning.
The wolf closely misses something.
The wolf closely misses you. The wolf bites you but does no damage.
As you read the scroll of fog, it dissolves into smoke.
The wolf closely misses you.
As you read the scroll of teleportation, it crumbles to dust.
You feel strangely unstable. The wolf closely misses you.
The goliath frog hits you from afar!
You are splashed with acid.
You resist. The wolf bites you.
Unknown command.
You slash the wolf with your +2 scimitar of flaming!
You burn the wolf.
You kill the wolf!
Vehumet accepts your kill.
The goliath frog hits you but does no damage.
The goliath frog hits you from afar!
You are splashed with acid.
You resist.
* * * LOW HITPOINT WARNING * * *
You hit the cane toad with your +2 scimitar of flaming.
You burn the cane toad.
The cane toad is moderately wounded.
You closely miss the cane toad with your +5 spectral club.
The sentinel's mark upon you fades away.
Vehumet accepts your kill.
You feel your power returning.
You feel a bit more experienced.
The cane toad stings you but does no damage.
The goliath frog barely misses you. The cane toad stings you.
* * * LOW HITPOINT WARNING * * *
Unknown command.
You feel better. The goliath frog hits you from afar!
* * * LOW HITPOINT WARNING * * *
You are splashed with acid.
You resist.
* * * LOW HITPOINT WARNING * * *
The cane toad stings you!
You die...

.....................
#P§..............
#....h..F........
##....FY.........
#P...Dh=.....≈≈≈≈
#..FFG.......≈≈≈#
##FF.........≈≈##
###FyY........≈≈
#@FF§.........≈
###§...........
§...#.######.
########


You could see a goliath frog (poisoned) and 2 cane toads.

Vanquished Creatures
  A hydra (Lair:4)
  Harold (D:9)
  Erica (Lair:2)
  4 two-headed ogres
  7 death yaks
  Sonja (D:10)
  Pikel (D:6)
  2 oklob plants
  A salamander (Lair:3)
  15 elephants
  A merfolk siren (Lair:2)
  2 cyclopes
  2 black mambas (Lair:3)
  A torpor snail (D:10)
  14 cane toads
  A rime drake (Lair:4)
  5 komodo dragons
  6 polar bears (Lair:3)
  3 trolls
  2 hornets (D:9)
  Grinder (D:3)
  A tyrant leech (Lair:5)
  9 dream sheep (Lair:4)
  13 blink frogs
  A shadow (D:11)
  35 yaks
  4 wyverns
  3 fire bats (Lair:5)
  5 basilisks
  2 steam dragons (D:8)
  6 vampire mosquitoes
  Menkaure (D:5)
  An acid dragon (D:11)
  Duvessa (D:7)
  13 water moccasins
  An ice beast (D:5)
  A sky beast (D:6)
  10 orc warriors
  6 black bears
  15 wolves
  7 centaurs
  3 ogres (D:11)
  3 lemures (D:6)
  3 phantoms
  4 kobold brigands
  13 bullfrogs
  3 gnoll sergeants
  3 scorpions
  13 wights
  Dowan (D:7)
  2 electric eels (D:8)
  19 killer bees
  6 howler monkeys
  2 bombardier beetles
  3 lava snakes (Lair:3)
  3 orc priests
  3 jellies
  3 gnoll boudas
  Jessica (D:3)
  2 iguanas
  Ijyb (D:3)
  A sleepcap (D:5)
  13 orc wizards
  7 hell rats (Lair:5)
  29 gnolls
  2 adders (D:2)
  4 shadow imps
  2 white imps (D:5)
  A ribbon worm (D:2)
  A dart slug (D:4)
  34 orcs
  6 ball pythons
  9 endoplasms
  4 giant cockroaches
  4 goblins
  3 hobgoblins
  14 kobolds
  4 quokkas
  3 bats
  2 frilled lizards (D:2)
  4 rats
445 creatures vanquished.

Vanquished Creatures (collateral kills)
  A hydra (Lair:4)
  A gnoll sergeant (D:9)
2 creatures vanquished.

Vanquished Creatures (others)
  An electric eel (Lair:3)
1 creature vanquished.

Grand Total: 448 creatures vanquished

Notes
Turn   | Place    | Note
-------+----------+-------------------------------------------
     0 | D:1      | Shayle the Coglin Alchemist began the quest for the Orb.
     0 | D:1      | Reached XP level 1. HP: 13/13 MP: 3/3
    82 | D:1      | Reached skill level 1 in Conjurations
   325 | D:1      | Reached XP level 2. HP: 18/20 MP: 2/4
  1342 | D:2      | Reached XP level 3. HP: 22/25 MP: 4/6
  1400 | D:2      | Reached skill level 1 in Fighting
  1574 | D:2      | Found a faded altar of an unknown god.
  1863 | D:2      | Noticed a scorpion
  1936 | D:2      | Killed a scorpion
  1937 | D:2      | Reached XP level 4. HP: 16/33 MP: 7/7
  2103 | D:2      | Reached XP level 5. HP: 38/38 MP: 8/8
  2392 | D:3      | Noticed Grinder
  2518 | D:3      | Killed Grinder
  2519 | D:3      | Reached XP level 6. HP: 46/46 MP: 8/10
  2820 | D:3      | Noticed Ijyb
  2827 | D:3      | Killed Ijyb
  3022 | D:3      | Noticed Jessica
  3030 | D:3      | Killed Jessica
  3339 | D:4      | Reached XP level 7. HP: 51/51 MP: 11/11
  3387 | D:4      | Learned a level 3 spell: Mephitic Cloud
  3732 | D:5      | Entered Level 5 of the Dungeon
  3752 | D:5      | Learned a level 4 spell: Sticky Flame
  3814 | D:5      | Noticed Menkaure
  3838 | D:5      | Killed Menkaure
  3839 | D:5      | Reached skill level 1 in Fire Magic
  4176 | D:5      | Found a glowing golden altar of the Shining One.
  4207 | D:5      | Found a burning altar of Makhleb.
  4235 | D:5      | Reached XP level 8. HP: 58/58 MP: 13/13
  4322 | D:5      | Reached skill level 2 in Fire Magic
  4576 | D:6      | Noticed Pikel
  4593 | D:6      | Killed Pikel
  4594 | D:6      | Reached skill level 3 in Fire Magic
  4855 | D:6      | Reached skill level 5 in Dodging
  4855 | D:6      | Reached XP level 9. HP: 47/63 MP: 14/16
  4860 | D:6      | Learned a level 4 spell: Olgreb's Toxic Radiance
  5139 | D:6      | Found a staircase to the Ecumenical Temple.
  5154 | Temple   | Entered the Ecumenical Temple
  5164 | Temple   | Became a worshipper of Vehumet
  5308 | D:6      | Reached skill level 5 in Conjurations
  5767 | D:7      | Reached skill level 5 in Spellcasting
  5789 | D:7      | Reached skill level 4 in Fire Magic
  5904 | D:7      | Noticed Joseph
  6211 | D:7      | Noticed Duvessa
  6212 | D:7      | Noticed Dowan
  6555 | D:7      | Killed Dowan
  6556 | D:7      | Killed Duvessa
  6748 | D:7      | Found Jafungil's Magic Scroll Shoppe.
  6751 | D:7      | Bought a scroll of teleportation for 39 gold pieces
  6751 | D:7      | Bought a scroll of identify for 26 gold pieces
  6751 | D:7      | Bought a scroll of blinking for 97 gold pieces
  6751 | D:7      | Bought a scroll of identify for 26 gold pieces
  6751 | D:7      | Bought a scroll of teleportation for 39 gold pieces
  6751 | D:7      | Bought a scroll of poison for 52 gold pieces
  7167 | D:8      | Found a shadowy altar of Dithmenos.
  7175 | D:8      | Identified the +4 quarterstaff of Calamity {spect, rElec}
  7486 | D:8      | Reached * piety under Vehumet
  7486 | D:8      | Offered knowledge of Kiss of Death by Vehumet.
  7666 | D:8      | Reached skill level 5 in Fire Magic
  7675 | D:8      | Reached XP level 10. HP: 70/70 MP: 18/18
  7817 | D:8      | Noticed a cyclops
  7830 | D:8      | Killed a cyclops
  7906 | D:8      | Noticed a two-headed ogre
  7907 | D:8      | Noticed a two-headed ogre
  7907 | D:8      | Noticed a two-headed ogre
  7917 | D:8      | Killed a two-headed ogre
  7928 | D:8      | Killed a two-headed ogre
  7929 | D:8      | Reached skill level 6 in Fire Magic
  7930 | D:8      | Killed a two-headed ogre
  7935 | D:8      | Upgraded the game from 0.32-a0-928-g1cae6b7ea0 to
                  | 0.32-a0-933-ga8fa3634e4
  8132 | D:8      | Reached skill level 7 in Fire Magic
  8847 | D:9      | Noticed Harold
  8873 | D:9      | Offered knowledge of Magic Dart by Vehumet.
  8876 | D:9      | Reached ** piety under Vehumet
  8890 | D:9      | Killed Harold
  8891 | D:9      | Reached XP level 11. HP: 15/75 MP: 15/20
  8915 | D:9      | Reached skill level 8 in Fire Magic
  9786 | D:9      | Offered knowledge of Static Discharge by Vehumet.
 10052 | D:9      | Noticed a cyclops
 10115 | D:9      | Killed a cyclops
 10217 | D:9      | Reached *** piety under Vehumet
 10320 | D:9      | Noticed a cyclops
 10327 | D:9      | Noticed an eight-headed hydra
 10329 | D:9      | Reached skill level 5 in Fighting
 10347 | D:10     | Entered Level 10 of the Dungeon
 10586 | D:10     | Found a white marble altar of Elyvilon.
 10615 | D:10     | Reached skill level 9 in Fire Magic
 10734 | D:10     | Found a staircase to the Lair.
 10736 | D:10     | Noticed Sonja
 10746 | D:10     | Killed Sonja
 10833 | Lair:1   | Entered Level 1 of the Lair of Beasts
 11063 | Lair:1   | Noticed a death yak
 11069 | Lair:1   | Noticed a death yak
 11098 | Lair:1   | Killed a death yak
 11320 | D:10     | Found a bloodstained altar of Trog.
 11320 | D:10     | Found a shimmering altar of Xom.
 11326 | D:10     | Found a shimmering blue altar of Sif Muna.
 11329 | D:10     | Found an opulent altar of Gozag.
 11338 | D:10     | Found a blossoming altar of Fedhas.
 11341 | D:10     | Found an ornate altar of the Wu Jian Council.
 11379 | D:10     | Found a glowing silver altar of Zin.
 11919 | D:11     | Offered knowledge of Volatile Blastmotes by Vehumet.
 11925 | D:11     | Reached XP level 12. HP: 83/88 MP: 11/21
 12011 | D:11     | Reached skill level 10 in Fire Magic
 12286 | D:11     | Noticed a two-headed ogre
 12291 | D:11     | Killed a two-headed ogre
 12775 | D:11     | Found a staircase to the Orcish Mines.
 12782 | D:11     | Reached **** piety under Vehumet
 13432 | Lair:1   | Killed a death yak
 13496 | Lair:1   | Offered knowledge of Iskenderun's Mystic Blast by Vehumet.
 13503 | Lair:1   | Learned a level 4 spell: Iskenderun's Mystic Blast
 13740 | Lair:1   | Found the +0 toga "Victory" {*Victory Clar}
 13766 | Lair:1   | Reached skill level 11 in Fire Magic
 14266 | Lair:2   | Noticed a death yak
 14266 | Lair:2   | Noticed a death yak
 14267 | Lair:2   | Noticed a death yak
 14268 | Lair:2   | Noticed a death yak
 14268 | Lair:2   | Noticed a death yak
 14282 | Lair:2   | Killed a death yak
 14286 | Lair:2   | Killed a death yak
 14287 | Lair:2   | Reached skill level 12 in Fire Magic
 14288 | Lair:2   | Killed a death yak
 14294 | Lair:2   | Killed a death yak
 14318 | Lair:2   | Killed a death yak
 14319 | Lair:2   | Reached XP level 13. HP: 52/93 MP: 9/25
 14337 | Lair:2   | Noticed Erica
 14470 | Lair:2   | Killed Erica
 14484 | Lair:2   | Reached skill level 13 in Fire Magic
 14682 | Lair:2   | Reached ***** piety under Vehumet
 14995 | Lair:2   | Offered knowledge of Iskenderun's Battlesphere by Vehumet.
 15319 | Lair:2   | Found a staircase to the Shoals.
 15430 | Lair:2   | Reached skill level 14 in Fire Magic
 16262 | Lair:3   | Reached skill level 15 in Fire Magic
 16476 | Lair:3   | Found a staircase to the Snake Pit.
 16602 | Lair:3   | Found the +7 mace of Variability {chaos, chaos arc}
 16868 | Lair:3   | Upgraded the game from 0.32-a0-933-ga8fa3634e4 to
                  | 0.32-a0-938-g40ac7a0f4d
 16902 | Lair:4   | Found a transporter.
 16902 | Lair:4   | Found a transporter.
 17095 | Lair:4   | Offered knowledge of Starburst by Vehumet.
 17096 | Lair:4   | Reached XP level 14. HP: 62/100 MP: 10/26
 17117 | Lair:4   | Reached skill level 16 in Fire Magic
 17224 | Lair:4   | Acquired an automatic assembler {rPois rCorr Slay+3 Clar
                  | RMsl}
 17234 | Lair:4   | Learned a level 8 spell: Ignition
 17416 | Lair:4   | Noticed avangion's ghost (journeyman MiFi)
 18071 | Lair:5   | Entered Level 5 of the Lair of Beasts
 18330 | Lair:5   | Reached skill level 17 in Fire Magic
 18355 | Lair:5   | Slain by a cane toad

Illustrated notes

Levels and vault maps discovered:
D:1:      dpeg_arrival_arbitrary_a, layout_loops_corners,
          minmay_misc_feat_rugged
D:2:      layout_loops_corners, basic_ecumenical_altar
D:3:      layout_basic, serial_aquarium, aquarium_bridge_island_large
          [aquarium_subvault_large_water, aquarium_subvault_window,
          aquarium_subvault_bridge, aquarium_subvault_wall,
          aquarium_subvault_bridge], aquarium_window_1, aquarium_window_1,
          aquarium_view_2c, aquarium_balcony_5b, aquarium_pool_four, uniq_ijyb,
          uniq_jessica, uniq_grinder
D:4:      layout_basic, minmay_liquid_box
D:5:      layout_cave_pools, old_standard_altar, mainiacjoe_overflow_brackets,
          serial_bayou_pond_a, uniq_menkaure
D:6:      layout_loops_corners, minmay_temple_entry_offerings, uniq_pikel
D:7:      layout_basic, serial_shops, nicolae_shop_real_fake_doors, uniq_joseph,
          uniq_duvessa
D:8:      layout_basic, mainiacjoe_overflow_24_doors, kennysheep_cross_room,
          st_stairs_3, hellmonk_guarded_unrand_dark_maul
D:9:      minmay_imperfect_grid, layout_basic, uniq_harold
D:10:     layout_stronghold, elyvilon_altar_3, kennysheep_little_box,
          nicolae_overflow_hallway_of_the_gods, uniq_sonja
D:11:     kennysheep_seaside_town, layout_basic, orc_0_dummy,
          nicolae_figureground_sparkle
Temple:   nicolae_temple_bog_church
Lair:1:   layout_regular_city
Lair:2:   layout_misc_corridors, elwin_shoals_entry_rooms, wad_woods_06,
          uniq_erica
Lair:3:   beast_lair_carwin_large_1, layout_regular_city,
          nicolae_snake_entry_warm_welcome, gammafunk_lair_bear_cave
Lair:4:   layout_cellular_growth, nzn_ghost_randoct
Lair:5:   minmay_lair_end_frog_pond, layout_gridlike, minmay_slime_entry_eyes,
          portal_ice_cave_entry_imps

Skill      XL: |  1  2  3  4  5  6  7  8  9 10 11 12 13 14 |
---------------+-------------------------------------------+-----
Conjurations   | 1 2 3 4 6 |  6.3
Dodging        | 2 3 4 5 6 8 9 |  9.0
Spellcasting   | 2 3 4 5 6 8 |  8.0
Fighting       | 1 2 3 6 |  6.0
Alchemy        | 4 |  4.9
Fire Magic     | 1 3 5 7 9 12 15 17 | 17.1
Stealth        | |  1.5

Action                     |  1- 3 |  4- 6 |  7- 9 | 10-12 | 13-15 || total
---------------------------+-------+-------+-------+-------+-------++-------
  Melee: Unarmed           |     9 |       |       |       |       ||     9
         Whip              |    44 |       |       |       |       ||    44
         Rapier            |    43 |       |       |       |       ||    43
         Hand axe          |     7 |    26 |       |       |       ||    33
         Short sword       |     3 |    30 |   229 |   264 |    36 ||   562
         Club              |       |     9 |   224 |   268 |   172 ||   673
         Scimitar          |       |       |       |       |   152 ||   152
   Cast: Sting             |    24 |     2 |     9 |    22 |     1 ||    58
         Mephitic Cloud    |       |       |    17 |    67 |    44 ||   128
         Sticky Flame      |       |       |     7 |    72 |    57 ||   136
         Olgreb's Toxic Ra |       |       |     1 |    34 |    30 ||    65
         Iskenderun's Myst |       |       |       |       |     5 ||     5
         Ignition          |       |       |       |       |     2 ||     2
Ability: Invent Gizmo      |       |       |       |       |     1 ||     1
  Evoke: Wand              |       |     2 |    21 |    19 |     1 ||    43
         Box of beasts     |       |       |       |       |     1 ||     1
    Use: Scroll            |       |     3 |     6 |    14 |    11 ||    34
         Potion            |       |       |     2 |     7 |     2 ||    11
   Stab: Sleeping          |     3 |     6 |     4 |     1 |       ||    14
         Paralysed         |       |    16 |    55 |    17 |       ||    88
         Distracted        |       |     1 |       |     4 |     4 ||     9
         Confused          |       |       |     6 |    45 |    31 ||    82
 Armour: Robe              |    37 |    13 |   150 |   115 |       ||   315
         Skin              |       |       |     2 |       |       ||     2
         Troll leather arm |       |       |       |    42 |   182 ||   224
  Dodge: Dodged            |    30 |    23 |   182 |   220 |   194 ||   649
         Repelled          |       |       |       |       |     1 ||     1

Table legend: (Time is in decaauts)
 A = Elapsed time spent in this place.
 B = Non-inter-level travel time spent in this place.
 C = Inter-level travel time spent in this place.
 D = Time resting spent in this place.
 E = Time spent auto-exploring this place.
 F = Levels seen in this place.
 G = Mean time per level.
                   A        B        C        D        E       F      G
               +--------+--------+--------+--------+--------+-----+--------+
         Total |  18535 |  17566 |    969 |   3904 |   9351 |  17 | 1090.3 |
       Dungeon |  13178 |  12444 |    734 |   2857 |   6683 |  11 | 1198.0 |
        Temple |     20 |     10 |     10 |      0 |      0 |   1 |   20.0 |
          Lair |   5336 |   5112 |    224 |   1047 |   2668 |   5 | 1067.2 |
               +--------+--------+--------+--------+--------+-----+--------+

Top non-repeatable levels by time:
     D:8: 1671 daAuts
    D:10: 1640 daAuts
     D:9: 1599 daAuts
  Lair:3: 1502 daAuts
  Lair:1: 1257 daAuts
     D:1: 1256 daAuts
  Lair:2: 1239 daAuts
     D:6: 1232 daAuts
     D:7: 1223 daAuts
  Lair:4: 1197 daAuts
     D:2: 1174 daAuts
    D:11: 1148 daAuts
     D:5: 834 daAuts
     D:3: 758 daAuts
     D:4: 637 daAuts
